 Dungeon Crawl Stone Soup version 0.31.0-11-ge490571c62 (webtiles) character file.

Game seed: 2732745141211324

909 mdonais the Trooper (level 8, 0/84 HPs)
             Began as an Octopode Reaver on Jan 31, 2024.
             Was a Follower of Okawaru.
             Slain by an orc warrior
             ... wielding a +0 dire flail
              (3 damage)
             ... on level 6 of the Dungeon.
             The game lasted 00:17:49 (5056 turns).

mdonais the Trooper (Octopode Reaver)               Turns: 5056, Time: 00:17:50

Health: 0/84       AC: 20    Str: 12    XL:     8   Next: 8%
Magic:  7/11       EV:  2    Int: 15    God:    Okawaru [*.....]
Gold:   264        SH:  0    Dex: 12    Spells: 6/11 levels left

rFire   . .          .
                       - Unarmed
rCold   . . .        (no shield)
rNeg    . . .        (helmet currently unavailable)
rPois   +            (no amulet)
rElec   .            f - ring of willpower
rCorr   +            g - ring of resist corrosion
SInv    .            (no ring)
Will    .....        (no ring)
Stlth   ++           (no ring)
HPRegen 0.34/turn    (no ring)
MPRegen 0.12/turn    (no ring)
                     (no ring)

%: random rage (3%)
@: mighty, tree-form, weak-willed, marked, corroded
A: stationary, stasis, torment immunity, boosted hp, almost no armour,
(amphibious), 8 rings, (camouflage 1), (gelatinous body 1), (nimble swimmer 1),
(tentacles), (iridescent scales 1), berserk 1, wild magic 1
a: Renounce Religion, Heroism


You were on level 6 of the Dungeon.
You worshipped Okawaru.
Okawaru was aware of your devotion.
You were a tree.
You visited 2 branches of the dungeon, and saw 7 of its levels.

You collected 348 gold pieces.
You spent 84 gold pieces at shops.

Inventory:

Hand Weapons
 b - a +0 orcbow
   (You bought it in a shop on level 1 of the Dungeon)
 c - a +0 sling
   (You took it off a goblin on level 3 of the Dungeon)
 d - a +0 short sword
   (You took it off a kobold on level 1 of the Dungeon)
 h - a +0 dagger
   (You took it off a kobold on level 2 of the Dungeon)
 k - a +1 long sword of protection
   (You found it on level 5 of the Dungeon)
Missiles
 Z - a throwing net {=!f}
Armour
 y - an orb of guile
   (You found it on level 5 of the Dungeon)
Jewellery
 f - a ring of willpower (left branch)
   (You found it on level 1 of the Dungeon)
 g - a ring of resist corrosion (right branch)
   (You found it on level 3 of the Dungeon)
 q - an amulet of the acrobat
   (You found it on level 3 of the Dungeon)
 r - a ring of ice
   (You found it on level 3 of the Dungeon)
Wands
 s - a wand of quicksilver (7)
   (You found it on level 3 of the Dungeon)
 x - a wand of polymorph (13)
   (You found it on level 5 of the Dungeon)
Scrolls
 i - 2 scrolls of revelation
 l - a scroll of vulnerability
 u - a scroll of poison {unknown}
 v - 3 scrolls of enchant armour
 w - a scroll of enchant weapon
 T - 3 scrolls of teleportation
Potions
 a - a potion of curing {unknown}
 e - a potion of resistance {unknown}
 j - a potion of degeneration {unknown}
 m - a potion of lignification
 n - a potion of mutation
 o - a potion of heal wounds {unknown}
 p - 2 potions of enlightenment
 t - 2 potions of might
 z - a potion of ambrosia {unknown}


   Skills:
 + Level 5.5 Fighting
 - Level 4.0 Ranged Weapons
 - Level 2.0 Dodging
 - Level 3.0 Stealth
 - Level 4.2 Unarmed Combat
 - Level 2.0 Spellcasting
 - Level 3.0 Conjurations
 - Level 2.0 Hexes
 - Level 2.0 Translocations
 - Level 2.0 Invocations
 - Level 2.0 Evocations


You had 6 spell levels left.
You knew the following spells:

 Your Spells              Type           Power      Damage    Failure   Level
a - Jinxbite              Hex            18%        N/A       21%         2
b - Momentum Strike       Conj/Tloc      22%        3d8       17%         2
e - Kiss of Death         Conj/Necr      28%        2d7       17%         1

Your spell library contained the following spells:

 Spells                   Type           Power      Damage    Failure   Level
 Confusing Touch          Hex            9%         N/A       36%         3
 Hailstorm                Conj/Ice       7%         3d5       43%         3
 Vhi's Electric Charge    Tloc/Air       10%        N/A       87%         4
 Arcjolt                  Conj/Air       3%         1d13      98%         5
 Maxwell's Capacitive Co  Air            0%         ∞         100%        8


Dungeon Overview and Level Annotations

Branches:
Dungeon (6/15) Zot: 26661  Temple (1/1) D:6 Zot: 5998

Altars:
Cheibriados
Dithmenos
Elyvilon
Fedhas
Gozag
Hepliaklqana
Kikubaaqudgha
Okawaru
Trog
Uskayaw
Wu Jian
Xom
Yredelemnul
Zin
The Shining One

Shops:
D:1 (

Annotations:
D:6 1 exclusion


Innate Abilities, Weirdness & Mutations

You are a tree.
Your roots penetrate the ground, keeping you stationary.
You cannot be teleported.
You are immune to unholy pain and torment.
Your maximum health is greatly increased.
You cannot wear most types of armour.
((You are amphibious.))
You can wear up to eight rings at the same time.
((Your skin changes colour to match your surroundings (Stealth+).))
((Your rubbery body absorbs attacks. (AC +1, EV +1)))
((You are camouflaged when in or above water. (Stealth+)))
((You have tentacles for arms and can constrict up to eight enemies at once.))
((You are partially covered in iridescent scales. (AC +2)))
You sometimes lose your temper in combat.
Your spells are a little harder to cast, but a little more powerful.


Message History

You shoot an arrow.
Fire: b) +0 orcbow
Press: ? - help, Q - select action, (/) - cycle Shift-Dir - straight line You shoot an arrow.
Something hits you. x2
You take 5 damage, and have 45/50 hp.
You cannot move.
Fire: b) +0 orcbow
Press: ? - help, Q - select action, (/) - cycle Shift-Dir - straight line You shoot an arrow.
Okawaru accepts your kill.
Reactivating autopickup.
You feel a bit more experienced.
You hear a shout!
An orc comes into view. It is wielding a +0 mace.
Training target 2.0 for Invocations reached!
Your Invocations skill increases to level 2!
Fire: b) +0 orcbow
Press: ? - help, Q - select action, (/) - cycle Shift-Dir - straight line, f - orc
Aim: an orc, wielding a +0 mace (54% to hit)
You shoot an arrow. The arrow hits the orc.
The orc is almost dead.
You are no longer robbed of momentum.
You are now empty-tentacled.
The orc misses you.
You bludgeon the orc!
You kill the orc!
Okawaru accepts your kill.
b - a +0 orcbow (weapon)
Magic restored.
You now have 235 gold pieces (gained 11).
Things that are here:
a +0 dagger; a +0 robe You see here an orb of guile.
Health restored: 50; MP restored: 10 You now have 248 gold pieces (gained 13).
You now have 264 gold pieces (gained 16).
There is a stone staircase leading down here.
You open the door.
There is an open door here.
You open the door.
A malevolent force fills the Dungeon...
With a horrendous wail, an alarm goes off!
A sentinel's mark forms upon you.
You hear a shout! x5; You hear a croak.
You hear a roar!
You hear a shout!
You hear a bark!
There is an open door here.
You start waiting.
An orc warrior comes into view. It is wielding a +0 scimitar.
You are now empty-tentacled.
Casting: Momentum Strike (safe; 12% risk of failure)
Confirm with . or Enter, or press ? or * to list all spells.
Aiming: Momentum Strike (safe; 12% risk of failure)
Press: ? - help, Dir - move target, f - orc warrior
Aim: an orc warrior, wielding a +0 scimitar and wearing a +0 plate armour (68% to hit)
The concentrated momentum hits the orc warrior!
The orc warrior is moderately wounded.
You are unable to move.
You now have 8/10 mp.
Casting: Momentum Strike (safe; 12% risk of failure)
Confirm with . or Enter, or press ? or * to list all spells.
You beckon some vexing sprites to accompany your attacks.
You feel your willpower being sapped.
The orc warrior hits you with a +0 scimitar!
You take 9 damage, and have 41/50 hp.
You now have 6/10 mp.
You closely miss the orc warrior. Your grab misses the orc warrior.
Your squeeze misses the orc warrior.
The orc warrior is moderately wounded.
A giggling sprite leaps out and makes the orc warrior trip over its own feet.
The orc warrior is moderately wounded.
The orc warrior hits you with a +0 scimitar!
You take 6 damage, and have 35/50 hp.
You tentacle-slap the orc warrior but do no damage.
You grab the orc warrior.
The orc warrior is moderately wounded.
A giggling sprite leaps out and bonks the orc warrior with its +0 scimitar.
The orc warrior is heavily wounded.
You constrict the orc warrior.
An acid dragon comes into view.
The orc warrior hits you with a +0 scimitar.
You take 6 damage, and have 29/50 hp.
You tentacle-slap the orc warrior but do no damage.
The orc warrior is heavily wounded.
A giggling sprite leaps out and makes the orc warrior trip over its own feet.
The orc warrior is severely wounded.
The jinxing sprites lose interest in you.
You constrict the orc warrior, but do no damage.
Aiming: Quicksilver Bolt
Press: ? - help, Shift-Dir - straight line, f - acid dragon, p - orc warrior
Aim: an acid dragon (71% to hit)
The bolt of dispelling energy hits the orc warrior.
The orc warrior is almost dead.
The bolt of dispelling energy misses the bullfrog.
The bolt of dispelling energy misses the acid dragon.
You constrict the orc warrior, but do no damage.
The orc warrior barely misses you.
A hound comes into view.
Aiming: Quicksilver Bolt
Press: ? - help, Shift-Dir - straight line, f - hound
Aim: a hound (60% to hit)
The bolt of dispelling energy hits the orc warrior!
You kill the orc warrior!
Okawaru is honoured by your kill.
The bolt of dispelling energy hits the bullfrog!
The bullfrog is severely wounded.
The bolt of dispelling energy misses the hound.
You are no longer robbed of momentum.
The hound pauses to sniff the ground.
The bullfrog hits you.
Training target 2.0 for Hexes reached!
Your Hexes skill gained 2 levels and is now at level 2!
You need to enable at least one skill for training.
You have reached level 8!
You take 4 damage, and have 26/55 hp.
An orc comes into view. It is wielding a +0 whip.
There is an open door here.
Aiming: Quicksilver Bolt
Press: ? - help, Shift-Dir - straight line, f/p - hound
Aim: a hound (60% to hit)
The bolt of dispelling energy hits the bullfrog!!
You kill the bullfrog!
Okawaru accepts your kill.
The bolt of dispelling energy hits the acid dragon!
The acid dragon is heavily wounded.
The bolt of dispelling energy misses the hound.
You closely miss the acid dragon. Your squeeze misses the acid dragon.
The acid dragon is heavily wounded.
The acid dragon bites you!
* * * LOW HITPOINT WARNING * * *
The acid dragon misses you.
You take 12 damage, and have 15/56 hp.
MASSIVE DAMAGE!!
It was a potion of might.
You feel very mighty all of a sudden.
An orc wizard comes into view. It is wielding a +0 dagger.
The acid dragon spits acid at you. The splash of acid hits you! You resist.
* * * LOW HITPOINT WARNING * * *
The acid corrodes you!
You take 14 damage, and have 1/56 hp.
MASSIVE DAMAGE!!
Blink to where?
Press: ? - help, Dir - move target, p - hound An orc warrior comes into view.
It is wielding a +0 dire flail.
As you read the scroll of blinking, it crumbles to dust.
It was a potion of lignification.
You turn into a tree.
Your roots penetrate the ground.
The orc warrior hits you but does no damage.
You now have 2/84 hp.
It was a potion of mutation.
You feel extremely strange.
Iridescent scales grow over part of your body.
You feel a little pissed off.
You feel less in control of your magic.
The orc warrior hits you with a +0 dire flail.
You die...

##.....#....##..# ###..###
###......>.....# #...##
##..##....#..######.### #####
#.#..#....#........#
....#####....#.#..#.......##
.......[....#...##........#
..........................#
###..........+.#o...#'###########
#..........#..♣s..+.##......... #
#..........##...h.####......... #
#..........##..>..D).'..o...o.. #
#..........###########.........
#..........# #......... #
#..........# #......... #
#..........# #......... #
#.########## #......... #.#
#.........


You could see an orc warrior, an acid dragon, a scorpion and a hound.

Vanquished Creatures
  A water moccasin (D:5)
  An orc warrior (D:6)
  An ogre (D:3)
  A phantom (D:4)
  A bullfrog (D:6)
  2 howler monkeys
  A bombardier beetle (D:3)
  A gnoll bouda (D:5)
  3 hounds
  An iguana (D:5)
  An orc wizard (D:6)
  3 gnolls (D:5)
  9 adders
  An ufetubus (D:5)
  2 dart slugs (D:3)
  A ribbon worm (D:2)
  10 orcs
  8 bats
  7 endoplasms
  4 giant cockroaches
  13 goblins
  8 hobgoblins
  6 jackals
  3 quokkas
  8 ball pythons
  2 frilled lizards
  8 kobolds
  5 rats
112 creatures vanquished.

Notes
Turn   | Place    | Note
-------+----------+-------------------------------------------
     0 | D:1      | mdonais the Octopode Reaver began the quest for the Orb.
     0 | D:1      | Reached XP level 1. HP: 14/14 MP: 3/3
   229 | D:1      | Reached XP level 2. HP: 18/20 MP: 5/5
   232 | D:1      | Learned a level 2 spell: Momentum Strike
   651 | D:1      | Found Wopneafyc's Antique Weapon Emporium.
   793 | D:1      | Reached skill level 1 in Translocations
  1045 | D:2      | Reached XP level 3. HP: 21/25 MP: 6/6
  1057 | D:2      | Reached skill level 3 in Fighting
  1304 | D:2      | Reached skill level 1 in Stealth
  1304 | D:2      | Reached XP level 4. HP: 31/31 MP: 4/7
  2440 | D:3      | Noticed an ogre
  2442 | D:3      | Killed an ogre
  2443 | D:3      | Reached skill level 4 in Fighting
  2443 | D:3      | Reached XP level 5. HP: 37/37 MP: 8/8
  2507 | D:3      | Reached XP level 6. HP: 43/43 MP: 4/9
  3204 | D:4      | Reached skill level 5 in Fighting
  3389 | D:4      | Found an iron altar of Okawaru.
  3390 | D:4      | Found a shimmering altar of Xom.
  3396 | D:4      | Became a worshipper of Warmaster Okawaru
  3765 | D:1      | Bought an orcbow for 84 gold pieces
  3824 | D:5      | Entered Level 5 of the Dungeon
  3833 | D:5      | Reached skill level 1 in Ranged Weapons
  3838 | D:5      | Reached XP level 7. HP: 39/50 MP: 5/10
  4283 | D:5      | Reached skill level 1 in Invocations
  4291 | D:5      | Reached * piety under Okawaru
  4751 | D:6      | Found a staircase to the Ecumenical Temple.
  4760 | Temple   | Entered the Ecumenical Temple
  4818 | D:6      | Got Etungeko's Atlas of Entranced Dislocation
  4838 | D:6      | Learned a level 2 spell: Jinxbite
  5050 | D:6      | Reached XP level 8. HP: 26/55 MP: 6/11
  5053 | D:6      | HP: 1/56 [acid dragon/splash of acid (14)]
  5056 | D:6      | Gained mutation: You are partially covered in iridescent
                  | scales. (AC +2) [potion of mutation]
  5056 | D:6      | Gained mutation: You sometimes lose your temper in combat.
                  | [potion of mutation]
  5056 | D:6      | Gained mutation: Your spells are a little harder to cast,
                  | but a little more powerful. [potion of mutation]
  5056 | D:6      | Slain by an orc warrior

Illustrated notes

Levels and vault maps discovered:
D:1:      minmay_arrival_doors, layout_basic, serial_shops,
          nicolae_shop_pleasant_corner_grove, dreamdust_princess_bridge
D:2:      layout_loops_cross
D:3:      layout_loops_cross, serial_glass, glass_columns_c, glass_columns_b,
          grunt_ministairs_2, minmay_ogre_servants
D:4:      layout_layer_cave, chequers_temple_overflow_statue_of_worship,
          minivault_26
D:5:      layout_cave_pools, serial_bayou_pond_b
D:6:      layout_basic, minmay_temple_entry_mini_moons,
          nicolae_concentric_dashed_squares_mild, minmay_manual_mess
Temple:   dshaligram_water_room_temple

Skill      XL: |  1  2  3  4  5  6  7 |
---------------+----------------------+-----
Translocations | 1 2 |  2.0
Fighting       | 3 4 5 |  5.5
Stealth        | 1 3 |  3.0
Evocations     | 2 |  2.0
Unarmed Combat | 4 |  4.2
Ranged Weapons | 1 4 |  4.0
Invocations    | 2 |  2.0
Hexes          | 2 |  2.0
Dodging        | |  2.0
Spellcasting   | |  2.0
Conjurations   | |  3.0

Action                     |  1- 3 |  4- 6 |  7- 9 || total
---------------------------+-------+-------+-------++-------
  Melee: Unarmed           |    63 |    89 |    32 ||   184
         Constrict         |    13 |    22 |     8 ||    43
         Tentacles         |    11 |    16 |     7 ||    34
         Punch             |     1 |     1 |     1 ||     3
   Fire: Orcbow            |       |     2 |    43 ||    45
         Sling             |       |     2 |       ||     2
   Cast: Momentum Strike   |     7 |    15 |    14 ||    36
         Jinxbite          |       |       |     1 ||     1
  Evoke: Wand              |       |     2 |     3 ||     5
    Use: Scroll            |       |     4 |     3 ||     7
         Potion            |       |     1 |     3 ||     4
   Stab: Sleeping          |     9 |    10 |       ||    19
 Armour: Skin              |    25 |    28 |    30 ||    83
  Dodge: Dodged            |    34 |    41 |    21 ||    96
